[Event "22nd Hoogeveen Open 2018"]
[Site "Hoogeveen"]
[Date "2018.10.26"]
[Round "8"]
[White "Wedda, Dries"]
[Black "Hilwerda, Jonas"]
[Result "0-1"]
[ECO "E04"]
[WhiteElo "2216"]
[BlackElo "2109"]
[Annotator "NA"]
[PlyCount "94"]
[EventDate "2018.10.20"]
[EventType "swiss"]
[EventCountry "NED"]
[SourceTitle "playchess.com"]
[Source "ChessBase"]
[SourceQuality "1"]
[TimeControl "40/5400+30:1800+30"]

1. d4 Nf6 2. c4 e6 3. g3 d5 4. Nf3 dxc4 5. Bg2 Bd7 6. Nbd2 Bc6 {[%emt 0:00:42] LiveBook: 9 Games} 7. Nxc4 Bd5 8. Ne3 Be4 9. Qa4+ $11 Nbd7 10. O-O Be7 11. Bd2 O-O 12. b4 Nb6 13. Qb3 Nfd5 14. Rfc1 Nxe3 15. Qxe3 Qd5 16. a4 Rac8 17. a5 Nc4 18. Rxc4 Bxf3 19. Bxf3 Qxc4 20. Rc1 Qb5 21. d5 Bd6 22. dxe6 fxe6 23. Qxe6+ Kh8 24. Qg4 Rce8 25. h4 c6 26. Qd7 Rd8 27. Qg4 Be7 28. Bc3 Bf6 29. Bxf6 Rxf6 30. Rc5 Qa4 31. Rg5 Rfd6 32. e3 Rd2 33. Rf5 Qa2 34. Qf4 Qg8 35. Be4 R2d7 36. h5 Re7 37. Bc2 Ree8 38. Qg4 Rf8 39. Rg5 Rd5 40. Be4 Rxg5 41. Qxg5 Qa2 42. f3 Qa1+ 43. Kg2 Qb2+ 44. Kh3 Qxb4 45. Qe5 Qb5 46. Qxb5 cxb5 47. Bd5 Rf5 0-1

[Event "22nd Hoogeveen Open 2018"]
[Site "Hoogeveen"]
[Date "2018.10.26"]
[Round "8"]
[White "Li, Henry"]
[Black "Baskin, Robert"]
[Result "0-1"]
[ECO "C70"]
[WhiteElo "2207"]
[BlackElo "2348"]
[Annotator "NA"]
[PlyCount "60"]
[EventDate "2018.10.20"]
[EventType "swiss"]
[EventCountry "NED"]
[SourceTitle "playchess.com"]
[Source "ChessBase"]
[SourceQuality "1"]
[TimeControl "40/5400+30:1800+30"]

1. e4 e5 2. Nf3 Nc6 3. Bb5 a6 4. Ba4 b5 5. Bb3 Na5 6. d4 exd4 7. c3 ({White should try} 7. Qxd4 Bb7 8. Nc3) 7... Nxb3 8. Qxb3 Bb7 9. O-O Be7 10. Nxd4 Bxe4 $11 11. Re1 Bg6 12. Bg5 c5 13. Nf3 f6 14. Bf4 Bf7 15. Qd1 Be6 16. a4 g5 17. Bd6 Qb6 18. Bxe7 Nxe7 19. axb5 Qxb5 20. b4 g4 21. Nh4 cxb4 22. Qd6 b3 23. c4 Qc6 24. Qf4 Qxc4 25. Qh6 b2 26. Ra3 Kf7 27. Rae3 Rac8 28. h3 Rc5 29. hxg4 Ng8 30. Rxe6 Qxe6 0-1

[Event "22nd Hoogeveen Open 2018"]
[Site "Hoogeveen"]
[Date "2018.10.26"]
[Round "8"]
[White "Hulshof, Peter"]
[Black "Hoffman, Ron"]
[Result "1/2-1/2"]
[ECO "B20"]
[WhiteElo "2168"]
[BlackElo "2060"]
[Annotator "NA"]
[PlyCount "156"]
[EventDate "2018.10.20"]
[EventType "swiss"]
[EventCountry "NED"]
[SourceTitle "playchess.com"]
[Source "ChessBase"]
[SourceQuality "1"]
[TimeControl "40/5400+30:1800+30"]

1. g3 g6 2. Bg2 Bg7 3. d3 c5 4. e4 Nc6 5. f4 d6 6. Nf3 e6 7. O-O Nge7 8. c3 b6 9. Be3 d5 10. e5 O-O 11. Bf2 Bb7 12. Na3 a6 13. Qd2 Qd7 $14 14. Nc2 f6 15. exf6 Bxf6 16. d4 cxd4 17. Ncxd4 Nf5 18. Rae1 Ng7 19. Nxc6 Qxc6 20. Ne5 Qc7 21. Qd4 b5 22. Qb6 Rac8 23. Qxc7 Rxc7 24. Bb6 Bxe5 25. Rxe5 Rc6 26. Bf2 Rc4 27. Rfe1 Kf7 28. Bf1 Rc6 29. a4 bxa4 30. Ra1 Nf5 31. Rxa4 Nd6 32. Rb4 a5 33. Ra4 Ra8 34. Re1 Nc4 35. Rea1 Rcc8 36. Bd4 Bc6 37. R4a2 a4 38. Rd1 Rab8 39. Bxc4 dxc4 40. Kf2 Rd8 41. Rd2 Rd7 42. Ke3 Rbb7 43. Ra1 Rb8 44. Re1 Rb5 45. Ree2 Rdb7 46. Be5 Bd5 47. h4 h5 48. Kf2 Rb3 49. Bd6 R3b6 50. Ba3 Rd7 51. g4 hxg4 52. Kg3 Rb8 53. Kxg4 Rbd8 54. Rd4 Rh8 55. Rh2 Rdd8 56. Rdd2 Be4 57. Bd6 Rd7 58. Be5 Rhd8 59. Bd4 Rb7 60. h5 gxh5+ 61. Rxh5 Rg8+ 62. Rg5 Rxg5+ 63. fxg5 Kg6 64. Rh2 Rh7 65. Rxh7 Kxh7 66. Kf4 Bf5 67. Bf6 Kg6 68. Ke5 Bg4 69. Bd8 Bf5 70. Kd6 Kf7 71. Bb6 Bc2 72. Be3 Bb3 73. Ke5 Bc2 74. Kd4 Bb3 75. Bc1 Kg6 76. Ke5 Kf7 77. Kd4 Kg6 78. Ke5 Kf7 1/2-1/2

[Event "22nd Hoogeveen Open 2018"]
[Site "Hoogeveen"]
[Date "2018.10.26"]
[Round "8"]
[White "Ingebretsen, Jens E"]
[Black "Van Kooten, Luuk"]
[Result "1-0"]
[ECO "B07"]
[WhiteElo "2160"]
[BlackElo "2320"]
[Annotator "NA"]
[PlyCount "75"]
[EventDate "2018.10.20"]
[EventType "swiss"]
[EventCountry "NED"]
[SourceTitle "playchess.com"]
[Source "ChessBase"]
[SourceQuality "1"]
[TimeControl "40/5400+30:1800+30"]

1. e4 g6 2. d4 Bg7 3. Nf3 d6 4. c3 Nf6 5. Bd3 {[%emt 0:00:15] LiveBook: 1480 Games} O-O 6. O-O Nc6 7. Be3 e5 8. Nbd2 {[%emt 0:00:14] B07: Pirc Defence: Miscellaneous Systems} h6 9. dxe5 Ng4 10. exd6 Nxe3 $146 11. fxe3 Qxd6 12. Nc4 Qe7 13. Qc2 b5 14. Ncd2 a6 15. Nb3 Bb7 16. Rad1 $15 Rad8 17. Nbd4 Nxd4 18. Nxd4 Be5 19. Nf3 Bg7 20. a4 Qc5 21. Nd4 Qb6 22. axb5 axb5 23. Qb3 c5 24. Qxb5 Rd6 25. Nb3 Qd8 26. Nxc5 Bc6 27. Qc4 Be5 28. Rf3 Kg7 29. Rdf1 Qe7 30. b4 f6 31. Ra1 Rb8 32. Ra5 Be8 33. Qb3 Bxh2+ 34. Kxh2 Rxd3 35. Nxd3 Qc7+ 36. e5 Qxa5 37. exf6+ Kf8 38. Qe6 1-0

[Event "22nd Hoogeveen Open 2018"]
[Site "Hoogeveen"]
[Date "2018.10.26"]
[Round "8"]
[White "Biermann, Lenhard"]
[Black "Van der Hagen, Loek"]
[Result "1-0"]
[ECO "A26"]
[WhiteElo "2153"]
[BlackElo "1820"]
[Annotator "NA"]
[PlyCount "113"]
[EventDate "2018.10.20"]
[EventType "swiss"]
[EventCountry "NED"]
[SourceTitle "playchess.com"]
[Source "ChessBase"]
[SourceQuality "1"]
[TimeControl "40/5400+30:1800+30"]

1. c4 Nf6 2. g3 g6 3. Bg2 Bg7 4. Nc3 O-O 5. d3 d6 6. e4 {[%emt 0:00:35] LiveBook: 146 Games} Nc6 7. Nge2 e5 8. O-O Nd7 9. Nd5 Ne7 $14 10. Bg5 f6 11. Be3 Nxd5 12. cxd5 Nb6 13. Rc1 Bd7 14. d4 Kh8 15. Qd2 a5 16. f4 Bb5 17. Rf2 Qd7 18. Nc3 Nc4 19. Qe2 Ba6 20. Qe1 Rae8 21. f5 gxf5 22. Bh3 exd4 23. Bxd4 Ne5 24. Bxf5 Qe7 25. Bxe5 fxe5 26. Qe3 Rf6 27. Rcc2 Bh6 28. Qf3 Ref8 29. Nd1 Qg7 30. h4 Bf4 31. Rg2 Bh6 32. g4 Bf4 33. Nf2 Rh6 34. h5 Bg5 35. Nh3 Rf7 36. Qc3 Rhf6 37. b3 Re7 38. a3 Rf8 39. Rcf2 Ref7 40. Rf3 Rf6 41. Qxa5 R6f7 42. Qc3 Qh6 43. Nxg5 Qxg5 44. Qe3 Qxe3+ 45. Rxe3 c6 46. dxc6 bxc6 47. Rc3 Bb7 48. g5 Rg7 49. g6 c5 50. h6 Rxg6 51. Bxg6 hxg6 52. Rxg6 Bxe4 53. Rxd6 Rg8+ 54. Kf1 Kh7 55. Rxc5 Bg6 56. Rxe5 Kxh6 57. Ree6 1-0

[Event "22nd Hoogeveen Open 2018"]
[Site "Hoogeveen"]
[Date "2018.10.26"]
[Round "8"]
[White "Vroombout, Enrico"]
[Black "Bluhm, Sonja Maria"]
[Result "0-1"]
[ECO "D15"]
[WhiteElo "2132"]
[BlackElo "2281"]
[Annotator "NA"]
[PlyCount "38"]
[EventDate "2018.10.20"]
[EventType "swiss"]
[EventCountry "NED"]
[SourceTitle "playchess.com"]
[Source "ChessBase"]
[SourceQuality "1"]
[TimeControl "40/5400+30:1800+30"]

1. d4 d5 2. c4 c6 3. Nc3 Nf6 4. Nf3 a6 5. e3 Bf5 6. Be2 e6 7. O-O Nbd7 8. Nh4 Bg6 $14 {[%emt 0:00:16] LiveBook: 5 Games} 9. Bd2 Bd6 10. c5 Bc7 11. f4 Ne4 12. Nxg6 hxg6 13. Be1 Ndf6 14. Na4 Ng8 15. b4 Ne7 16. Nb2 Nf5 17. Qc1 g5 18. g4 gxf4 19. gxf5 Qg5+ 0-1

[Event "22nd Hoogeveen Open 2018"]
[Site "Hoogeveen"]
[Date "2018.10.26"]
[Round "8"]
[White "Van Dorp, Folke"]
[Black "Elgersma, Simon"]
[Result "0-1"]
[ECO "C18"]
[WhiteElo "2097"]
[BlackElo "2237"]
[Annotator "NA"]
[PlyCount "62"]
[EventDate "2018.10.20"]
[EventType "swiss"]
[EventCountry "NED"]
[SourceTitle "playchess.com"]
[Source "ChessBase"]
[SourceQuality "1"]
[TimeControl "40/5400+30:1800+30"]

1. e4 e6 2. d4 d5 3. Nc3 Bb4 4. e5 c5 5. a3 Bxc3+ 6. bxc3 Qc7 7. h4 cxd4 8. cxd4 Qc3+ 9. Bd2 Qxd4 10. Nf3 Qe4+ {[%emt 0:04:56] LiveBook: 5 Games} 11. Be2 $15 Ne7 12. h5 Nf5 13. Kf1 b6 14. Bb5+ Nd7 15. Bd3 Qg4 16. Rb1 Bb7 17. Rb4 d4 18. Be2 Nxe5 19. Rh2 Qe4 20. Ng5 Qd5 21. Rb5 Qd6 22. Bf4 f6 23. Nf3 Bd5 24. g4 Nh6 25. Nxd4 Rd8 26. Rh3 Nhxg4 27. c3 Nh6 28. Qc1 Nhf7 29. Rg3 g5 30. hxg6 hxg6 31. Rxg6 Nxg6 0-1

[Event "22nd Hoogeveen Open 2018"]
[Site "Hoogeveen"]
[Date "2018.10.26"]
[Round "8"]
[White "Jelic, Bruno"]
[Black "Elgersma, Onno"]
[Result "0-1"]
[ECO "D36"]
[WhiteElo "2076"]
[BlackElo "2223"]
[Annotator "NA"]
[PlyCount "64"]
[EventDate "2018.10.20"]
[EventType "swiss"]
[EventCountry "NED"]
[SourceTitle "playchess.com"]
[Source "ChessBase"]
[SourceQuality "1"]
[TimeControl "40/5400+30:1800+30"]

1. d4 Nf6 2. c4 e6 3. Nf3 d5 4. cxd5 exd5 5. Bg5 c6 6. Nc3 Be7 7. Qc2 O-O 8. e3 Nbd7 9. Bd3 Re8 10. O-O h6 {[%emt 0:01:15] LiveBook: 139 Games} 11. Bh4 Ne4 12. Bxe7 Qxe7 13. Rab1 a5 14. Bxe4 dxe4 15. Nd2 Nf6 $11 16. Nc4 Bf5 17. f4 b5 18. Ne5 Rac8 19. Qe2 h5 20. h3 h4 21. Rbc1 Kh7 22. Rc2 Rg8 23. Nb1 g5 24. fxg5 Rxg5 25. Nxc6 Qe6 26. Qxb5 Nd5 27. Re1 Bxh3 28. Qf1 Rxc6 29. Rxc6 Qxc6 30. Qxf7+ Rg7 31. Qh5+ Kg8 32. Re2 Bg4 0-1

[Event "22nd Hoogeveen Open 2018"]
[Site "Hoogeveen"]
[Date "2018.10.26"]
[Round "8"]
[White "Verhoef, Pieter"]
[Black "Clemens, Adrian"]
[Result "0-1"]
[ECO "B52"]
[WhiteElo "2058"]
[BlackElo "2153"]
[Annotator "NA"]
[PlyCount "66"]
[EventDate "2018.10.20"]
[EventType "swiss"]
[EventCountry "NED"]
[SourceTitle "playchess.com"]
[Source "ChessBase"]
[SourceQuality "1"]
[TimeControl "40/5400+30:1800+30"]

1. e4 c5 2. Nf3 d6 3. Bb5+ Bd7 4. Bxd7+ Nxd7 5. O-O Ngf6 6. Qe2 Rc8 7. c3 {[%emt 0:00:26] LiveBook: 27 Games} e6 8. d4 Be7 9. Bf4 O-O 10. dxc5 Nxc5 11. Nbd2 $11 d5 12. exd5 Nxd5 13. Bg3 Qb6 14. Nc4 Qa6 15. Rfe1 Na4 16. Nce5 Qxe2 17. Rxe2 f6 18. Nd3 e5 19. c4 Rxc4 20. b3 Nac3 21. Rxe5 Rcc8 22. Ree1 Ba3 23. Nd2 b5 24. Re6 Nb6 25. Ne4 Ne2+ 26. Kf1 Nd4 27. Bd6 Nxe6 28. Bxa3 Rfd8 29. Nd6 Rc6 30. Nf5 Nd5 31. Re1 g6 32. Nb4 Nxb4 33. Ne7+ Kf7 0-1

[Event "22nd Hoogeveen Open 2018"]
[Site "Hoogeveen"]
[Date "2018.10.26"]
[Round "8"]
[White "Boersma, Jan"]
[Black "Schippers, Maurice"]
[Result "0-1"]
[ECO "B15"]
[WhiteElo "2047"]
[BlackElo "2272"]
[Annotator "NA"]
[PlyCount "72"]
[EventDate "2018.10.20"]
[EventType "swiss"]
[EventCountry "NED"]
[SourceTitle "playchess.com"]
[Source "ChessBase"]
[SourceQuality "1"]
[TimeControl "40/5400+30:1800+30"]

1. e4 g6 2. Nc3 c6 3. d4 d5 4. Nf3 Bg7 5. h3 dxe4 6. Nxe4 Nd7 7. Bd3 Ngf6 $14 {[%emt 0:00:49] LiveBook: 188 Games} 8. Neg5 h6 9. Ne4 Nxe4 10. Bxe4 c5 11. c3 cxd4 12. cxd4 Nf6 13. Bd3 O-O 14. O-O b6 15. Qe2 Bb7 16. Be3 Rc8 17. Ba6 Qd5 18. Rac1 e6 19. Bxb7 Qxb7 20. Ne5 Rxc1 21. Rxc1 Rc8 22. Rxc8+ Qxc8 23. b4 Nd5 24. b5 Qc3 25. Nc6 a6 26. a4 Qa1+ 27. Kh2 Qxa4 28. Na7 Nc3 29. Qf3 Nd5 30. Qe2 axb5 31. Nxb5 Qb4 32. Bd2 Qb2 33. Qd3 Ne7 34. Be3 Nf5 35. Qc4 Kh7 36. Nc7 Bxd4 0-1

[Event "22nd Hoogeveen Open 2018"]
[Site "Hoogeveen"]
[Date "2018.10.26"]
[Round "8"]
[White "Van de Pavoordt, Max"]
[Black "Pham, Khoi"]
[Result "1/2-1/2"]
[ECO "A48"]
[WhiteElo "2034"]
[BlackElo "2153"]
[Annotator "NA"]
[PlyCount "127"]
[EventDate "2018.10.20"]
[EventType "swiss"]
[EventCountry "NED"]
[SourceTitle "playchess.com"]
[Source "ChessBase"]
[SourceQuality "1"]
[TimeControl "40/5400+30:1800+30"]

1. Nf3 d6 2. c3 Nf6 3. d4 g6 4. Bf4 Bg7 5. Nbd2 O-O 6. e4 Nfd7 7. Bc4 e5 8. dxe5 dxe5 9. Be3 h6 10. h4 Qe7 11. h5 g5 12. Nxg5 hxg5 13. h6 Bf6 14. Qh5 $17 Kh8 15. Nf3 Nb6 16. Bb3 Be6 17. Bxg5 Bxg5 18. Bxe6 Qxe6 19. Qxg5 Rg8 20. Qxe5+ Qxe5 21. Nxe5 f6 22. h7 Rg7 23. Rd1 Na6 24. Nd3 Re8 25. f3 Rxg2 26. Nf4 Rg7 27. Rh6 Rxh7 28. Rxf6 Rh1+ 29. Ke2 Rh2+ 30. Ke1 Rg8 31. Rg6 Rxg6 32. Nxg6+ Kg7 33. Ne5 Rxb2 34. Rd2 Rxd2 35. Kxd2 Kf6 36. f4 Nc5 37. Ke3 Ncd7 38. Ng4+ Ke6 39. f5+ Kd6 40. Kf4 Nc4 41. Kg5 Nce5 42. Ne3 Nc5 43. Kf4 b5 44. Nd5 c6 45. Nf6 Ncd3+ 46. Ke3 Ke7 47. Nh5 c5 48. Ng7 a5 49. a3 b4 50. cxb4 cxb4 51. axb4 axb4 52. f6+ Kf7 53. Nf5 b3 54. Nd6+ Kxf6 55. Nb5 b2 56. Nc3 Nb4 57. Nb1 Ned3 58. Kd4 Ke6 59. Kc4 Ke5 60. Nd2 Kf4 61. Kd4 Nf2 62. Kc3 Nbd3 63. Kc2 Nxe4 64. Nc4 1/2-1/2

[Event "22nd Hoogeveen Open 2018"]
[Site "Hoogeveen"]
[Date "2018.10.26"]
[Round "8"]
[White "Biermann, Florian"]
[Black "Mijnheer, Peter"]
[Result "1-0"]
[ECO "E17"]
[WhiteElo "2024"]
[BlackElo "2092"]
[Annotator "NA"]
[PlyCount "66"]
[EventDate "2018.10.20"]
[EventType "swiss"]
[EventCountry "NED"]
[SourceTitle "playchess.com"]
[Source "ChessBase"]
[SourceQuality "1"]
[TimeControl "40/5400+30:1800+30"]

1. c4 e6 2. Nf3 d5 3. g3 Nf6 4. Bg2 Be7 5. d4 O-O 6. Nbd2 b6 7. O-O {[%emt 0:02:26] LiveBook: 54 Games} Bb7 $11 8. b3 Nbd7 9. Bb2 a5 10. cxd5 exd5 11. Ne5 Bd6 12. Ndc4 Be7 13. Rc1 Re8 14. Qc2 c6 15. Ne3 Nxe5 16. dxe5 Nd7 17. Qf5 Nc5 18. Qg4 Bf8 19. f4 a4 20. b4 a3 21. Ba1 Na4 22. f5 Nb2 23. e6 Qf6 24. b5 fxe6 25. fxe6 Qe5 26. Qf4 Qxe6 27. bxc6 Bxc6 28. Rxc6 Qxe3+ 29. Qxe3 Rxe3 30. Bxd5+ Kh8 31. Rxb6 Rae8 32. Bxb2 Bc5 33. Rb5 Rc3+ 1-0

[Event "22nd Hoogeveen Open 2018"]
[Site "Hoogeveen"]
[Date "2018.10.26"]
[Round "8"]
[White "Winkels, Marcel"]
[Black "Zarkovic, Mila"]
[Result "0-1"]
[ECO "B81"]
[WhiteElo "1935"]
[BlackElo "2213"]
[Annotator "NA"]
[PlyCount "72"]
[EventDate "2018.10.20"]
[EventType "swiss"]
[EventCountry "NED"]
[SourceTitle "playchess.com"]
[Source "ChessBase"]
[SourceQuality "1"]
[TimeControl "40/5400+30:1800+30"]

1. e4 c5 2. Nf3 d6 3. d4 cxd4 4. Nxd4 Nf6 5. Nc3 a6 6. h3 e6 7. g4 b5 8. Bg2 {[%emt 0:02:03] LiveBook: 211 Games} Bb7 9. a3 Be7 10. g5 Nfd7 11. h4 Nc6 12. Be3 Rc8 13. Nxc6 Bxc6 14. Qd4 $11 O-O 15. O-O-O a5 16. Na2 Nc5 17. f4 Bxe4 18. Qxe4 Nxe4 19. Bxe4 d5 20. Kb1 b4 21. Bd3 bxa3 22. b3 Qc7 23. h5 Rb8 24. Bd2 g6 25. hxg6 fxg6 26. Rh4 Bb4 27. Be3 Qg7 28. Bc1 Bd6 29. Rf1 a4 30. f5 axb3 31. cxb3 Rxb3+ 32. Kc2 Rb2+ 33. Bxb2 Qxb2+ 34. Kd1 Qxa2 35. Rfh1 Qa1+ 36. Ke2 Qb2+ 0-1

[Event "22nd Hoogeveen Open 2018"]
[Site "Hoogeveen"]
[Date "2018.10.26"]
[Round "8"]
[White "Van Foreest, Machteld"]
[Black "Damen, Jip"]
[Result "1-0"]
[ECO "B07"]
[WhiteElo "1934"]
[BlackElo "2192"]
[Annotator "NA"]
[PlyCount "127"]
[EventDate "2018.10.20"]
[EventType "swiss"]
[EventCountry "NED"]
[SourceTitle "playchess.com"]
[Source "ChessBase"]
[SourceQuality "1"]
[TimeControl "40/5400+30:1800+30"]

1. e4 g6 2. d4 Bg7 3. Nf3 d6 4. Bd3 Nf6 {[%emt 0:01:09] LiveBook: 536 Games} 5. O-O O-O 6. h3 Nc6 7. c3 e5 8. Re1 Re8 9. Nbd2 $14 Nh5 10. dxe5 Nxe5 11. Bc2 Qf6 12. Nxe5 dxe5 13. Nf3 Nf4 14. Bxf4 Qxf4 15. Qd2 Qf6 16. Qg5 Qb6 17. Bb3 a5 18. Rad1 h6 19. Qe3 Qf6 20. a4 g5 21. Nh2 Ra6 22. Ng4 Qe7 23. Qd2 h5 24. Ne3 g4 25. hxg4 hxg4 26. Nf5 Bxf5 27. exf5 Qh4 28. Qd7 Rf8 29. g3 Qf6 30. Qxc7 Rb6 31. Bd5 Rxb2 32. Be4 Qb6 33. Qxb6 Rxb6 34. Rb1 Rd6 35. Rxb7 Rc8 36. Rb5 Bh6 37. Rxa5 Bd2 38. Rd1 Rxc3 39. f6 Rc8 40. Rxe5 Rcd8 41. Rf5 Rd4 42. Bc6 Kh7 43. a5 Kg6 44. Rc5 Be3 45. Rxd4 Bxd4 46. Rb5 Rc8 47. Be4+ Kxf6 48. Rd5 Rc4 49. a6 Ba7 50. Rf5+ Ke7 51. Rxf7+ Kxf7 52. Bd5+ Kf6 53. Bxc4 Kg5 54. Kg2 Bb6 55. f4+ gxf3+ 56. Kxf3 Kf5 57. Bd3+ Kg5 58. g4 Ba7 59. Be2 Kf6 60. Ke4 Ke6 61. Bc4+ Kd6 62. Kf5 Ke7 63. Kg6 Bd4 64. g5 1-0

[Event "22nd Hoogeveen Open 2018"]
[Site "Hoogeveen"]
[Date "2018.10.26"]
[Round "8"]
[White "Emans, Job"]
[Black "Shakhverdian, William"]
[Result "1-0"]
[ECO "E98"]
[WhiteElo "1927"]
[BlackElo "1903"]
[Annotator "NA"]
[PlyCount "113"]
[EventDate "2018.10.20"]
[EventType "swiss"]
[EventCountry "NED"]
[SourceTitle "playchess.com"]
[Source "ChessBase"]
[SourceQuality "1"]
[TimeControl "40/5400+30:1800+30"]

1. d4 Nf6 2. c4 g6 3. Nc3 Bg7 4. e4 d6 5. Nf3 O-O 6. Be2 e5 7. O-O Nc6 8. d5 Ne7 9. Ne1 Nd7 10. Nd3 {[%emt 0:00:41] LiveBook: 1353 Games} b6 11. b4 a5 12. Be3 f5 13. f3 f4 14. Bf2 g5 $16 (14... axb4 $11 {remains equal.} 15. Nxb4 g5) 15. c5 axb4 16. cxd6 bxc3 17. dxe7 Qxe7 18. Qb3 Qd6 19. Qxc3 Ba6 20. Rfc1 Bxd3 21. Bxd3 Rfc8 22. a4 Ra5 23. Bb5 Bf8 24. Bxd7 Qxd7 25. Bxb6 Raa8 26. Bf2 Bd6 27. Qc6 Qxc6 28. Rxc6 Rcb8 29. Bc5 Ra5 30. Bxd6 cxd6 31. Rxd6 Rb2 32. Rc6 Rd2 33. Rb1 Ra7 34. a5 Ra2 35. d6 R2xa5 36. Rc7 Ra8 37. d7 Rf8 38. Rd1 Raa8 39. Rd5 Ra1+ 40. Kf2 Ra2+ 41. Ke1 Raa8 42. Rxe5 h6 43. Re7 Rfd8 44. Rc6 Kf8 45. Rh7 Kg8 46. Rcxh6 Kf8 47. e5 Rdb8 48. Rh8+ Ke7 49. Rxb8 Rxb8 50. Rd6 Kd8 51. e6 Ke7 52. Rc6 Rb5 53. Kd2 Re5 54. Kc3 Re1 55. Rc8 Rd1 56. Re8+ Kf6 57. d8=Q+ 1-0

[Event "22nd Hoogeveen Open 2018"]
[Site "Hoogeveen"]
[Date "2018.10.26"]
[Round "8"]
[White "De Vries, Emma"]
[Black "Boghossian, Wahe"]
[Result "0-1"]
[ECO "B52"]
[WhiteElo "1905"]
[BlackElo "1748"]
[Annotator "NA"]
[PlyCount "86"]
[EventDate "2018.10.20"]
[EventType "swiss"]
[EventCountry "NED"]
[SourceTitle "playchess.com"]
[Source "ChessBase"]
[SourceQuality "1"]
[TimeControl "40/5400+30:1800+30"]

1. e4 c5 2. Nf3 d6 3. Bb5+ Bd7 4. Bxd7+ Qxd7 5. O-O {[%emt 0:00:12] LiveBook: 3529 Games} Nc6 6. c3 Nf6 7. Re1 e6 8. d4 cxd4 9. cxd4 Be7 10. Nc3 O-O 11. d5 $11 Ne5 12. b3 Nxf3+ 13. Qxf3 Rac8 14. Bb2 e5 15. Qe3 b5 16. Qe2 Rb8 17. a4 b4 18. Nd1 h6 19. Bc1 Qc7 20. Qd3 Rfc8 21. Re2 Nd7 22. Qg3 Kh8 23. Qh3 Kg8 24. Bb2 Nc5 25. Rc1 Qd7 26. Qg3 Bg5 27. Rc4 f5 28. exf5 Qxf5 29. Rec2 Rf8 30. Ne3 Qd3 31. Rxc5 Bxe3 32. h3 Qd1+ 33. Kh2 Bxc5 34. Rxc5 dxc5 35. Qxe5 Rb7 36. Qe6+ Rbf7 37. d6 Qc2 38. Be5 Qf5 39. Qd5 Re8 40. f4 g5 41. g4 Qc2+ 42. Kg3 Rxe5 43. Qxe5 Qc3+ 0-1

[Event "22nd Hoogeveen Open 2018"]
[Site "Hoogeveen"]
[Date "2018.10.26"]
[Round "8"]
[White "Kutchoukov, Daniel"]
[Black "Van Randtwijk, Mick"]
[Result "0-1"]
[ECO "B23"]
[WhiteElo "1882"]
[BlackElo "1979"]
[Annotator "NA"]
[PlyCount "92"]
[EventDate "2018.10.20"]
[EventType "swiss"]
[EventCountry "NED"]
[SourceTitle "playchess.com"]
[Source "ChessBase"]
[SourceQuality "1"]
[TimeControl "40/5400+30:1800+30"]

1. e4 c5 2. Nc3 d6 3. d4 cxd4 4. Qxd4 Nc6 5. Qd2 g6 6. b3 {[%emt 0:00:15] LiveBook: 28 Games} Bg7 7. Bb2 Nf6 8. O-O-O O-O 9. f3 Qa5 10. Kb1 Be6 11. h4 $11 Rfc8 12. Nge2 b5 13. Nf4 Bh6 14. g3 Ne5 15. Ncd5 Qxd2 16. Nxf6+ exf6 17. Rxd2 Nxf3 18. Rxd6 Rd8 19. Rxd8+ Rxd8 20. Bxb5 Nd2+ 21. Ka1 Nxe4 22. Re1 f5 23. Ne2 Bf8 24. Kb1 Bc5 25. Bd3 Bf2 26. Rh1 Nxg3 27. Nxg3 Bxg3 28. Bf6 Re8 29. c4 f4 30. Rf1 Bh3 31. Rg1 Bf2 32. Rh1 Bg4 33. Kc2 Bc5 34. Rf1 f3 35. Kd2 f2 36. Bc3 Bh3 37. Ra1 Rd8 38. Kc2 Rxd3 39. Kxd3 f1=Q+ 40. Rxf1 Bxf1+ 41. Ke4 Bg2+ 42. Ke5 Kf8 43. b4 Be7 44. a4 Ke8 45. a5 Kd7 46. a6 Kc6 0-1

[Event "22nd Hoogeveen Open 2018"]
[Site "Hoogeveen"]
[Date "2018.10.26"]
[Round "8"]
[White "Husers, Yannic"]
[Black "Bleeker, Kasper"]
[Result "0-1"]
[ECO "A02"]
[WhiteElo "1866"]
[BlackElo "1891"]
[Annotator "NA"]
[PlyCount "52"]
[EventDate "2018.10.20"]
[EventType "swiss"]
[EventCountry "NED"]
[SourceTitle "playchess.com"]
[Source "ChessBase"]
[SourceQuality "1"]
[TimeControl "40/5400+30:1800+30"]

1. f4 e5 2. fxe5 d6 3. exd6 Bxd6 4. Nf3 Nc6 5. d4 Bg4 6. Be3 (6. e3 $16) 6... Nf6 7. Nc3 Qe7 8. Kf2 $19 (8. Qd2 $15) 8... O-O-O 9. Qd2 Bb4 10. Kg1 Rhe8 11. Bf2 Ne4 12. Qf4 Nxf2 13. Kxf2 Bxf3 14. exf3 Rxd4 15. Ne4 Bd2 16. Qf5+ Kb8 17. Bd3 g6 18. Qb5 Rb4 19. Qd5 Rd8 20. Qxd8+ Qxd8 21. Nxd2 Qd4+ 22. Kf1 a6 23. Re1 Qxb2 24. Nc4 Qxa2 25. Kf2 Rxc4 26. Bxc4 Qxc4 0-1

[Event "22nd Hoogeveen Open 2018"]
[Site "Hoogeveen"]
[Date "2018.10.26"]
[Round "8"]
[White "Brands, Kevin"]
[Black "Oord, Raymon"]
[Result "1/2-1/2"]
[ECO "E01"]
[WhiteElo "1862"]
[BlackElo "1900"]
[Annotator "NA"]
[PlyCount "85"]
[EventDate "2018.10.20"]
[EventType "swiss"]
[EventCountry "NED"]
[SourceTitle "playchess.com"]
[Source "ChessBase"]
[SourceQuality "1"]
[TimeControl "40/5400+30:1800+30"]

1. d4 Nf6 2. c4 e6 3. g3 d5 4. Nf3 Nbd7 5. Bg2 c6 6. O-O Bd6 7. Nc3 {[%emt 0:02:46] LiveBook: 169 Partien} Ne4 (7... dxc4 $11 {keeps the balance.} 8. Nd2 Nb6) 8. Nxe4 dxe4 $16 9. Ng5 f5 10. Nxe6 Qf6 11. d5 Nb6 12. Bg5 Qg6 13. Qd4 Bxe6 14. dxe6 Qxe6 15. Qxg7 Be5 16. Qxb7 O-O 17. Qe7 Qxe7 18. Bxe7 Rf7 19. Ba3 Nxc4 20. Rac1 Nxa3 21. bxa3 Rf6 22. Rc5 Bd4 23. Rc4 Bb6 24. Rfc1 Rd8 25. e3 c5 26. Bh3 h5 27. a4 a5 28. Rxc5 Bxc5 29. Rxc5 Rd2 30. Rxf5 Kg7 31. Rxf6 Kxf6 32. Bf1 Rxa2 33. Bb5 Kg5 34. Kg2 h4 35. Bc6 h3+ 36. Kxh3 Rxf2 37. Bxe4 Re2 38. Bc6 Rxe3 39. Bb5 Rb3 40. Bd7 Rd3 41. Bb5 Rb3 42. Kg2 Rb2+ 43. Kh3 1/2-1/2

[Event "22nd Hoogeveen Open 2018"]
[Site "Hoogeveen"]
[Date "2018.10.26"]
[Round "8"]
[White "Achuthan, Dylan"]
[Black "Mellema, Andries"]
[Result "0-1"]
[ECO "A05"]
[WhiteElo "1751"]
[BlackElo "2140"]
[Annotator "NA"]
[PlyCount "76"]
[EventDate "2018.10.20"]
[EventType "swiss"]
[EventCountry "NED"]
[SourceTitle "playchess.com"]
[Source "ChessBase"]
[SourceQuality "1"]
[TimeControl "40/5400+30:1800+30"]

1. Nf3 Nf6 2. b3 g6 3. Bb2 Bg7 4. g4 h6 5. h4 $15 d5 6. Bh3 c5 7. e3 Nc6 8. Qe2 Bd7 9. d3 Qc8 10. Nbd2 Bxg4 11. Bxg4 Qxg4 12. O-O-O O-O-O 13. Rdg1 Qd7 14. a4 Qc7 15. Kb1 Kb8 16. Nf1 Nh5 17. Bxg7 Nxg7 18. Ng3 Na5 19. d4 f6 20. Ka2 Rc8 21. Rc1 Qb6 22. Rb1 Nc6 23. c3 e5 24. Rhd1 Rhd8 25. Qb5 cxd4 26. Qxb6 axb6 27. exd4 e4 28. Nh2 f5 29. Ne2 Ne6 30. Rg1 g5 31. Ng3 Ne7 32. Rbc1 Nf4 33. Rc2 Nd3 34. Kb1 Nf4 35. Ka2 Rg8 36. hxg5 hxg5 37. Rgc1 Nd3 38. Rg1 Nb4+ 0-1